 Dungeon Sprint DCSS version 0.17-a0-1508-ge7f3dc3 (webtiles) character file.

501 nuthulu the Fighter (level 7, -9/55 HPs)
             Began as a Gargoyle Fighter on July 10, 2015.
             Was a Follower of Okawaru.
             Mangled by a white ugly thing (12 damage)
             ... in the Dungeon (Sprint IX: "|||||||||||||||||||||||||||||").
             The game lasted 00:01:57 (687 turns).

nuthulu the Fighter (Gargoyle Fighter)               Turns: 687, Time: 00:01:57

Health: -9/55      AC: 19    Str: 23    XL:     7   Next: 17%
Magic:  5/7        EV:  8    Int: 12    God:    Okawaru [*.....]
Gold:   0          SH: 11    Dex: 10    Spells: 0 memorised, 6 levels left

rFire  . . .     SeeInvis .     a - +0 flail
rCold  . . .     Clarity  .     s - +1 chain mail
rNeg   + . .     SustAt   .     c - +0 shield
rPois  ∞         Gourm    .     r - +0 helmet
rElec  +         Spirit   .     (no cloak)
rCorr  .         Warding  .     q - +0 pair of gloves
rMut   .         NoTele   +     (no boots)
MR     .....                    (no amulet)
Stlth  ..........               b - +3 ring of intelligence
                                l - +3 ring of strength

@: heroism, not resistant to hostile enchantments, extremely unstealthy
A: negative energy resistance 1, electricity resistance, unbreathing,
petrification resistance, rot immunity, AC +4
a: Heroism, Renounce Religion


You were in the Dungeon.
You worshipped Okawaru.
Okawaru was aware of your devotion.
You were not hungry.

You visited 1 branch

Inventory:

Hand weapons
 a - a +0 flail (weapon)
Armour
 c - a +0 shield (worn)
 q - a +0 pair of gloves (worn)
 r - a +0 helmet (worn)
 s - a +1 chain mail (worn)
Jewellery
 b - a +3 ring of intelligence (right hand)
 l - a +3 ring of strength (left hand)
Magical devices
 p - a wand of cold (7)
Scrolls
 k - 2 scrolls of blinking
 n - 3 scrolls of remove curse
 o - 2 scrolls of amnesia
Potions
 f - 5 potions of curing
 g - 3 potions of heal wounds
 h - a potion of haste
 i - 4 potions of magic
 j - a potion of berserk rage
 m - a potion of invisibility
Comestibles
 d - a chunk of flesh
 e - a bread ration


   Skills:
 + Level 11.7(16.7) Fighting
 + Level 10.7(15.7) Maces & Flails
 - Level 3.2(8.2) Armour
 - Level 3.2(8.2) Shields


You had 6 spell levels left.
You didn't know any spells.

Dungeon Overview and Level Annotations

Branches:
Dungeon (1/1)

Altars:
Cheibriados
Dithmenos
Elyvilon
Fedhas
Gozag
Kikubaaqudgha
Makhleb
Nemelex Xobeh
Okawaru
Qazlal
Ru
Sif Muna
Trog
Vehumet
Xom
Yredelemnul
Zin
The Shining One
Beogh
Jiyva
Lugonu


Innate Abilities, Weirdness & Mutations

You are resistant to torment.
Your stone body is resilient (AC +4).
You are immune to poison.
You resist negative energy.
You are resistant to electric shocks.
You can survive without breathing.
You are immune to petrification.
You are immune to rotting.


Message History

You block the white ugly thing's attack.
You hit the white ugly thing but do no damage.
The white ugly thing is lightly wounded.
The white ugly thing tentacle-slaps you but does no damage.
You barely miss the white ugly thing.
The white ugly thing is lightly wounded.
You block the white ugly thing's attack.
You hit the white ugly thing but do no damage.
The white ugly thing is lightly wounded.
You sock the white ugly thing!
The white ugly thing is lightly wounded.
The white ugly thing tentacle-slaps you.
The white ugly thing freezes you!
* * * LOW HITPOINT WARNING * * *
You hit the white ugly thing.
The white ugly thing is moderately wounded.
The white ugly thing tentacle-slaps you.
* * * LOW HITPOINT WARNING * * *
The white ugly thing freezes you!
You die... ▓▓▓▓▓▓▓▓▓▓▓▓▓▓▓▓▓▓▓▓▓▓▓▓ ..tZZ5u@....))..[..)|..' ▓▓▓▓▓▓▓▓▓▓▓▓▓▓▓▓▓▓▓▓▓▓▓▓

You could see a white ugly thing, a crocodile, a shadow imp, a bat zombie and a bat skeleton.

Vanquished Creatures
  A yak (D)
  An ice beast (D)
  A sky beast (D)
  A wight (D)
  A gnoll shaman (D)
  A quasit (D)
  An iguana (D)
  A gnoll (D)
  An adder (D)
  An orc (D)
  A bat skeleton (D)
  3 goblins (D)
  A ball python skeleton (D)
  2 kobolds (D)
17 creatures vanquished.

Notes
Turn   | Place    | Note
--------------------------------------------------------------
     0 | D        | nuthulu the Gargoyle Fighter began the quest for the Orb.
     0 | D        | Reached XP level 1. HP: 14/14 MP: 1/1
    12 | D        | Reached skill level 4 in Fighting
    12 | D        | Reached XP level 2. HP: 6/20 MP: 2/2
    21 | D        | Reached skill level 5 in Fighting
   221 | D        | Noticed a quasit
   238 | D        | Reached XP level 3. HP: 23/26 MP: 3/3
   263 | D        | Killed a quasit
   263 | D        | Reached skill level 6 in Fighting
   263 | D        | Reached skill level 5 in Maces & Flails
   263 | D        | Reached XP level 4. HP: 17/32 MP: 4/4
   407 | D        | Found a glowing silver altar of Zin.
   407 | D        | Found a glowing golden altar of the Shining One.
   407 | D        | Found an ancient bone altar of Kikubaaqudgha.
   407 | D        | Found a basalt altar of Yredelemnul.
   407 | D        | Found a shimmering altar of Xom.
   407 | D        | Found a radiant altar of Vehumet.
   408 | D        | Found an iron altar of Okawaru.
   409 | D        | Found a burning altar of Makhleb.
   410 | D        | Found a deep blue altar of Sif Muna.
   411 | D        | Found a bloodstained altar of Trog.
   412 | D        | Found a sparkling altar of Nemelex Xobeh.
   413 | D        | Found a white marble altar of Elyvilon.
   414 | D        | Found a roughly hewn altar of Beogh.
   415 | D        | Found a viscous altar of Jiyva.
   416 | D        | Became a worshipper of Warmaster Okawaru
   417 | D        | Found a corrupted altar of Lugonu.
   418 | D        | Found a blossoming altar of Fedhas.
   419 | D        | Found a snail-covered altar of Cheibriados.
   420 | D        | Found a shadowy altar of Dithmenos.
   421 | D        | Found a stormy altar of Qazlal.
   422 | D        | Found an opulent altar of Gozag.
   423 | D        | Found a sacrificial altar of Ru.
   579 | D        | Noticed an ice beast
   579 | D        | Noticed a yak
   579 | D        | Noticed a sky beast
   579 | D        | Noticed a wight
   579 | D        | Noticed a gnoll shaman
   587 | D        | Killed a gnoll shaman
   587 | D        | Reached skill level 7 in Fighting
   591 | D        | Killed a wight
   591 | D        | Reached skill level 8 in Fighting
   591 | D        | Reached XP level 5. HP: 35/40 MP: 5/5
   601 | D        | Killed a sky beast
   601 | D        | Acquired Okawaru's first power
   601 | D        | Reached skill level 9 in Fighting
   604 | D        | Killed a yak
   604 | D        | Reached skill level 11 in Fighting
   604 | D        | Reached skill level 10 in Maces & Flails
   604 | D        | Reached XP level 6. HP: 38/49 MP: 6/6
   611 | D        | Killed an ice beast
   611 | D        | Reached XP level 7. HP: 42/54 MP: 7/7
   677 | D        | Noticed a crocodile
   677 | D        | Noticed a white ugly thing
   677 | D        | Noticed an iguana
   680 | D        | Killed an iguana
   687 | D        | Mangled by a white ugly thing

Vault maps used:
D:        linesprint

Action                   |  1- 3 |  4- 6 |  7- 9 || total
-------------------------+-------+-------+-------++-------
Melee: Flail             |    58 |    30 |     9 ||    97
Invok: Heroism           |       |       |     1 ||     1
  Use: Potion            |       |     1 |       ||     1
